 Dungeon Crawl Stone Soup version 0.30.0-29-ga12c61a403 (webtiles) character file.

Game seed: 950942345440262017

2240 Fodor the Protected (level 9, -3/75 (78) HPs)
             Began as a Minotaur Fighter on June 16, 2023.
             Was an Initiate of Gozag.
             Slain by a profane servitor
             ... wielding a +3 whip
              (11 damage)
             ... on level 1 of the Abyss.
             The game lasted 00:34:01 (6607 turns).

Fodor the Protected (Minotaur Fighter)              Turns: 6607, Time: 00:34:04

HP:   -3/75 (78)    AC: 13    Str: 23    XL:     9   Next: 14%
MP:   8/8           EV:  9    Int:  5    God:    Gozag
Gold: 361           SH:  5    Dex: 12    Spells: 8/8 levels left

rFire   . . .        x - +2 hand axe (elec)
rCold   . . .        c - +0 buckler
rNeg    + . .        n - +0 chain mail
rPois   .            (helmet restricted)
rElec   .            q - +0 cloak
rCorr   .            (no gloves)
SInv    +            i - +0 pair of boots
Will    .....        (no amulet) Stlth
                     z - ring of positive energy
HPRegen 0.32/turn    H - ring of see invisible
MPRegen 0.11/turn

%: no passive effects
@: wreathed by umbra, lightly drained
A: horns 2, retaliatory headbutt
a: Renounce Religion, Potion Petition, Call Merchant, Bribe Branch


You were on level 1 of the Abyss.
You worshipped Gozag.
Gozag was aware of your devotion.
You visited 2 branches of the dungeon, and saw 7 of its levels.
You visited the Abyss 1 time.
You also visited: Sewer.

You collected 479 gold pieces.
You paid 118 gold pieces to Gozag.

Inventory:

Hand Weapons
 j - a +0 mace of draining
 r - a +0 sling
 x - a +2 hand axe of electrocution (weapon)
Missiles
 e - 71 stones (quivered)
 w - a throwing net
Armour
 c - a +0 buckler (worn)
 i - a +0 pair of boots (worn)
 n - a +0 chain mail (worn)
 q - a +0 cloak (worn)
Jewellery
 h - a ring of magical power
 z - a ring of positive energy (left hand)
 H - a ring of see invisible (right hand)
 I - a ring of wizardry
Wands
 a - a wand of quicksilver (12)
 y - a wand of flame (19)
 D - a wand of digging (5)
 G - a wand of mindburst (14)
Scrolls
 k - 2 scrolls of silence
 m - 3 scrolls of vulnerability
 o - 2 scrolls of amnesia
 s - 3 scrolls of magic mapping
 t - a scroll of enchant armour
 u - 6 scrolls of teleportation
 A - 3 scrolls of poison
 C - 3 scrolls of fog
 E - a scroll of immolation
Potions
 b - a potion of attraction {unknown}
 d - a potion of might
 f - 5 potions of flight
 g - a potion of cancellation
 l - 5 potions of degeneration
 p - 3 potions of haste {unknown}
 v - a potion of lignification {unknown}
 B - a potion of mutation {unknown}
 F - a potion of magic {unknown}


   Skills:
 + Level 6.5 Fighting
 + Level 2.6 Long Blades
 + Level 7.6(8.3) Axes
 + Level 4.9(7.0) Maces & Flails
 + Level 0.7 Ranged Weapons
 + Level 0.8 Throwing
 + Level 8.4 Armour
 + Level 2.6 Dodging
 + Level 0.6 Stealth
 + Level 5.7 Shields


You had 8 spell levels left.
You didn't know any spells.
Your spell library contained the following spells:

 Spells                   Type           Power      Damage    Failure   Level
 Sandblast                Erth           0%         2d4       97%         1
 Slow                     Hex            0%         N/A       97%         1
 Lesser Beckoning         Tloc           0%         N/A       99%         2
 Passwall                 Tmut/Erth      0%         N/A       99%         2
 Confusing Touch          Hex            0%         N/A       100%        3
 Gell's Gravitas          Tloc           0%         N/A       100%        3
 Stone Arrow              Conj/Erth      0%         3d7       100%        3
 Teleport Other           Tloc           0%         N/A       100%        3
 Vampiric Draining        Necr           0%         2d6       100%        3


Dungeon Overview and Level Annotations

Branches:
Dungeon (6/15)             Temple (1/1) D:6           Sewer (visited)

Altars:
Fedhas
Gozag
Hepliaklqana
Nemelex Xobeh
Qazlal
Trog
Uskayaw
Vehumet
Zin
Lugonu

Shops:
D:4 :   D:6 :


Innate Abilities, Weirdness & Mutations

You have a pair of horns on your head.
You reflexively headbutt those who attack you in melee.


Message History

This branch contains the abyssal rune of Zot.
You open the door.
Found a gateway leading deeper into the Abyss.
There is an open door here.
Found a corrupted altar of Lugonu.
There is a gateway leading deeper into the Abyss here.
There is a corrupted altar of Lugonu here.
A profane servitor comes into view. It is wielding a +3 whip.
The profane servitor hits you with a +3 whip!!
The profane servitor draws strength from your injuries!
The profane servitor hits you with a +3 whip.
You partially resist.
You feel drained.
You closely miss the profane servitor.
Your headbutt misses the profane servitor.
The profane servitor hits you but does no damage.
The profane servitor hits you with a +3 whip.
You partially resist.
You feel drained.
You closely miss the profane servitor.
The profane servitor hits you but does no damage. x2
You miss the profane servitor.
Your headbutt misses the profane servitor.
The profane servitor hits you with a +3 whip!
The profane servitor draws strength from your injuries!
The profane servitor closely misses you.
The profane servitor completely misses you.
The profane servitor hits you with a +3 whip.
You miss the profane servitor.
Your headbutt misses the profane servitor.
The profane servitor hits you with a +3 whip!
The profane servitor draws strength from your injuries!
The profane servitor hits you with a +3 whip!
* * * LOW HITPOINT WARNING * * *
You completely miss the profane servitor.
The profane servitor hits you with a +3 whip!
* * * LOW HITPOINT WARNING * * *
The profane servitor draws strength from your injuries!
The profane servitor hits you but does no damage.
The profane servitor hits you with a +3 whip!
You die...
Your body crumbles into a pile of gold.

#..# ##. .# .
#.. ..# .
##..# #..#
..... ...
...###.##
#.#....#
#A..#..###
....#@......#
...#
#..##..## .
#....#....#.#
#.#.###..#..#
####.#....#
#.....#.
##.#...##
#.....#
#.....##


You could see a profane servitor.

Vanquished Creatures
  Sigmund (D:4)
  A water moccasin (D:5)
  3 ice beasts
  2 black bears (D:4)
  An ogre (D:5)
  A centaur (D:6)
  A kobold brigand (D:6)
  3 phantoms
  Blork the orc (D:4)
  4 scorpions
  A howler monkey (D:5)
  3 jellies
  4 hounds
  3 iguanas (D:5)
  2 orc wizards (D:4)
  8 gnolls
  16 adders
  A river rat (Sewer)
  A white imp (D:6)
  2 ufetubi
  A worm (Sewer)
  3 dart slugs
  19 orcs
  11 ball pythons
  7 endoplasms
  2 giant cockroaches
  18 goblins
  13 hobgoblins
  5 jackals
  6 quokkas
  14 bats
  3 frilled lizards
  18 kobolds
  4 rats
183 creatures vanquished.

Notes
Turn   | Place    | Note
-------+----------+-------------------------------------------
     0 | D:1      | Fodor the Minotaur Fighter began the quest for the Orb.
     0 | D:1      | Reached XP level 1. HP: 19/19 MP: 0/0
   549 | D:1      | Found a faded altar of an unknown god.
   570 | D:1      | Reached XP level 2. HP: 25/27 MP: 1/1
  1172 | D:1      | Prayed at the altar of an unknown god.
  1172 | D:1      | Became a worshipper of Lugonu the Unformed
  1172 | D:1      | Reached * piety under Lugonu
  1219 | D:2      | Reached skill level 4 in Armour
  1237 | D:2      | Reached XP level 3. HP: 32/34 MP: 2/2
  2147 | D:3      | Reached skill level 1 in Maces & Flails
  2147 | D:3      | Reached XP level 4. HP: 19/41 MP: 3/3
  2236 | D:3      | Found a glowing drain.
  2265 | Sewer    | Entered a sewer
  2277 | Sewer    | Reached skill level 1 in Dodging
  2277 | Sewer    | Reached XP level 5. HP: 38/47 MP: 4/4
  2282 | Sewer    | Reached ** piety under Lugonu
  2466 | Sewer    | Reached skill level 5 in Armour
  3647 | D:4      | Reached XP level 6. HP: 53/53 MP: 5/5
  3760 | D:4      | Reached *** piety under Lugonu
  3935 | D:4      | Reached skill level 5 in Fighting
  4204 | D:4      | Reached skill level 6 in Armour
  4204 | D:4      | Reached XP level 7. HP: 55/61 MP: 6/6
  4262 | D:4      | Reached **** piety under Lugonu
  4355 | D:4      | Reached skill level 5 in Shields
  4431 | D:4      | Noticed Blork the orc
  4431 | D:4      | Noticed Sigmund
  4443 | D:4      | Killed Sigmund
  4444 | D:4      | Reached skill level 1 in Axes
  4454 | D:4      | Killed Blork the orc
  4518 | D:4      | Found Xumaneer's Book Boutique.
  4658 | D:5      | Entered Level 5 of the Dungeon
  4695 | D:5      | Reached skill level 7 in Armour
  4695 | D:5      | Reached XP level 8. HP: 47/70 MP: 7/7
  4907 | D:5      | Reached skill level 5 in Axes
  5312 | D:5      | Found a hide-covered altar of Uskayaw.
  5312 | D:5      | Noticed a +0 spear
  5312 | D:5      | Noticed a +0 falchion
  5312 | D:5      | Noticed a +0 dagger
  5312 | D:5      | Noticed a +0 short sword
  5313 | D:5      | Noticed a +0 falchion
  5313 | D:5      | Noticed a +0 dagger
  5314 | D:5      | Noticed a +0 spear
  5317 | D:5      | Noticed a +0 short sword
  5427 | D:5      | Reached skill level 8 in Armour
  5530 | D:6      | Found a staircase to the Ecumenical Temple.
  5640 | Temple   | Entered the Ecumenical Temple
  5668 | Temple   | Fell from the grace of Lugonu
  5668 | Temple   | Became a worshipper of Gozag Ym Sagoz the Greedy
  6036 | D:6      | Reached XP level 9. HP: 73/78 MP: 8/8
  6045 | D:6      | Found Zeymiat's Book Emporium.
  6178 | D:6      | Identified the +0 leather armour of Fusuac {Contam Drain
                  | Regen+ Int+8}
  6241 | D:6      | Found a glowing silver altar of Zin.
  6544 | D:6      | Noticed a thrashing horror
  6544 | Abyss:1  | Cast into level 1 of the Abyss (Lugonu's touch)
  6548 | Abyss:1  | Found a corrupted altar of Lugonu.
  6601 | Abyss:1  | Noticed a profane servitor
  6607 | Abyss:1  | Slain by a profane servitor

Illustrated notes

Levels and vault maps discovered:
D:1:      onia_arrival_mini_spirals, layout_basic, serial_corexii_hall,
          corexii_hall_statues_l, chequers_hall_statues_corner_a,
          corexii_hall_statues_i, shapermc_ecumenical_altar_starsandcircs,
          minmay_misc_feat_pillars, dk_noncrumbling_4
D:2:      layout_loops_corners
D:3:      minmay_door_path, layout_rooms, gup_sewer_entry_glass
D:4:      corexii_shantytown, layout_gridville, serial_shops,
          nicolae_shop_tiny_statue_garden, serial_park_tiny_1,
          minmay_misc_feat_tower, uniq_blork_the_orc, uniq_sigmund
D:5:      layout_loops_ring, nicolae_uskayaw_en_pointe
D:6:      layout_basic, kennysheep_mini_moat, minmay_temple_entry_ruins,
          serial_shops, nicolae_book_shop_shelving
Temple:   nicolae_temple_superstar
Abyss:1:  base:
D:3

Skill      XL: |  1  2  3  4  5  6  7  8 |
---------------+-------------------------+-----
Fighting       | 4 5 6 |  6.5
Armour         | 4 5 6 7 8 |  8.4
Shields        | 4 5 |  5.7
Maces & Flails | 1 2 4 |  4.9
Dodging        | 1 2 |  2.6
Axes           | 3 7 |  7.6
Long Blades    | |  2.6
Ranged Weapons | |  0.7
Throwing       | |  0.8
Stealth        | |  0.6

Action                     |  1- 3 |  4- 6 |  7- 9 || total
---------------------------+-------+-------+-------++-------
  Melee: Long sword        |    10 |       |       ||    10
         Mace              |    56 |   190 |       ||   246
         Headbutt          |     6 |    17 |    23 ||    46
         Hand axe          |       |     6 |   128 ||   134
   Fire: Sling             |       |       |     2 ||     2
  Throw: Stone             |     2 |     4 |     2 ||     8
    Use: Scroll            |     4 |     2 |     4 ||    10
 Armour: Scale mail        |    44 |   148 |       ||   192
         Chain mail        |       |    39 |    72 ||   111
  Dodge: Dodged            |    31 |   162 |    70 ||   263
  Block: Buckler           |    22 |    80 |    25 ||   127
